 Dungeon Crawl Stone Soup version 0.23.2-30-g0e89c35 (webtiles) character file.

Game seed: 11314449100014871965

95 Fortress the Firebug (level 4, -1/33 HPs)
             Began as a Draconian Fire Elementalist on June 14, 2019.
             Was an Initiate of Sif Muna.
             Killed by nerve-wracking pain
             ... invoked by Grinder
              (14 damage)
             ... on level 3 of the Dungeon.
             The game lasted 00:07:07 (2079 turns).

Fortress the Firebug (Draconian Fire Elementalist)  Turns: 2079, Time: 00:07:07

Health: -1/33      AC:  5    Str: 10    XL:     4   Next: 39%
Magic:  0/8        EV: 12    Int: 16    God:    Sif Muna [......]
Gold:   122        SH:  0    Dex: 12    Spells: 7/8 levels left

rFire    . . .     SeeInvis .   k - +0 dagger (speed)
rCold    . . .     Gourm    .   (no shield)
rNeg     . . .     Faith    .   (armour unavailable)
rPois    .         Spirit   .   (helmet restricted)
rElec    .         Reflect  .   (no cloak)
rCorr    .         Harm     .   (no gloves)
MR       .....                  (no boots)
Stlth    ++........             (no amulet)
HPRegen  0.11/turn              (no ring)
MPRegen  0.11/turn              (no ring)

@: very slightly contaminated
A: unfitting armour, cold-blooded, AC +5
a: Renounce Religion


You were on level 3 of the Dungeon.
You worshipped Sif Muna.
Sif Muna was noncommittal.
You were not hungry.

You visited 1 branch of the dungeon, and saw 3 of its levels.

You collected 122 gold pieces.

Inventory:

Hand Weapons
 a - a +0 mace
 k - a +0 dagger of speed (weapon)
Missiles
 h - 40 stones (quivered)
 o - 22 sling bullets
 p - 8 curare-tipped needles
Jewellery
 e - a cursed ring of teleportation {unknown}
 i - an uncursed amulet of harm {unknown}
 n - an uncursed ring of protection from magic {unknown}
Wands
 l - a wand of digging (6)
 r - a wand of paralysis (9)
Scrolls
 c - 5 scrolls of identify
Potions
 d - 2 potions of ambrosia
 f - a potion of degeneration {unknown}
 g - a potion of cancellation {unknown}
 j - 2 potions of heal wounds {unknown}
 m - a potion of mutation {unknown}
 s - a potion of curing {unknown}
Comestibles
 b - 5 rations


   Skills:
 + Level 0.6 Short Blades
 - Level 0.1 Maces & Flails
 + Level 1.8 Dodging
 + Level 1.9 Stealth
 + Level 2.7 Spellcasting
 + Level 2.2 Conjurations
 + Level 4.0 Fire Magic


You had 7 spell levels left.
You knew the following spells:

 Your Spells              Type           Power        Failure   Level  Hunger
a - Flame Tongue          Conj/Fire      ##...        5%          1    #......

Your spell library contained the following spells:

 Spells                   Type           Power        Failure   Level  Hunger
 Throw Flame              Conj/Fire      ##....       9%          2    ##.....
 Conjure Flame            Conj/Fire      ##......     16%         3    ###....
 Inner Flame              Hex/Fire       #.......     26%         3    ###....
 Sticky Flame             Conj/Fire      ##......     47%         4    #####..
 Fireball                 Conj/Fire      ##........   83%         5    ######.


Dungeon Overview and Level Annotations

Branches:
Dungeon (3/15)

Altars:
Okawaru
Sif Muna

Annotations:
D:3 Grinder


Innate Abilities, Weirdness & Mutations

Your plain brown scales are hard. (AC +5)
You cannot fit into any form of body armour.
You are cold-blooded and may be slowed by cold attacks.


Message History

Grinder is heavily wounded.
The bat hits you but does no damage.
You barely miss Grinder.
Grinder is heavily wounded.
Grinder gestures at you. Pain shoots through your body!
The bat barely misses you.
The hobgoblin hits you but does no damage.
You hit Grinder but do no damage.
Grinder is heavily wounded.
The bat closely misses you. Grinder hits you but does no damage.
You hit Grinder.
Grinder is heavily wounded.
The bat barely misses you.
The hobgoblin hits you but does no damage.
The bat hits you but does no damage. The bat closely misses you.
Grinder grins, showing sharp teeth.
Grinder gestures at you. Pain shoots through your body!
You die...

...........#
....%.....#
.........# ...
....#### ..
.......+ #.
#....#
.#####.##b...#.##
.......@.5g......
.................
.................
#................
#................
.................
.....#........<..
.....#...........


You could see Grinder, a hobgoblin and a bat.

Vanquished Creatures
  3 adders (D:2)
  An ooze (D:2)
  2 dart slugs (D:1)
  3 leopard geckos
  An orc (D:3)
  2 ball pythons
  4 bats (D:2)
  4 giant cockroaches
  5 goblins
  7 hobgoblins
  4 jackals (D:2)
  A quokka (D:2)
  3 frilled lizards
  8 kobolds
  7 rats
55 creatures vanquished.

Notes
Turn   | Place    | Note
-------+----------+-------------------------------------------
     0 | D:1      | Fortress the Draconian Fire Elementalist began the quest
                  | for the Orb.
     0 | D:1      | Reached XP level 1. HP: 14/14 MP: 3/3
   354 | D:1      | Reached XP level 2. HP: 20/20 MP: 1/5
  1058 | D:2      | Reached XP level 3. HP: 26/26 MP: 4/6
  1469 | D:2      | Reached XP level 4. HP: 32/33 MP: 4/7
  1876 | D:2      | Found a deep blue altar of Sif Muna.
  1879 | D:2      | Became a worshipper of Sif Muna the Loreminder
  1919 | D:2      | Reached skill level 4 in Fire Magic
  1945 | D:2      | Found an iron altar of Okawaru.
  2060 | D:3      | Noticed Grinder
  2079 | D:3      | Killed from afar by Grinder

Skill      XL: |  1  2  3  4 |
---------------+-------------+-----
Conjurations   | 2 |  2.2
Fire Magic     | 4 |  4.0
Short Blades   | |  0.6
Maces & Flails | |  0.1
Dodging        | |  1.8
Stealth        | |  1.9
Spellcasting   | |  2.7

Action                   |  1- 3 |  4- 6 || total
-------------------------+-------+-------++-------
Melee: Mace              |    14 |       ||    14
       Tailslap          |     1 |     1 ||     2
       Dagger            |     7 |    11 ||    18
 Cast: Flame Tongue      |    60 |    30 ||    90
  Use: Scroll            |       |     2 ||     2
  Eat: Chunk             |     3 |     2 ||     5
Armor: Skin              |     9 |    13 ||    22
Dodge: Dodged            |    24 |    17 ||    41
